 Dungeon Crawl Stone Soup version 0.30.0-18-gc0e69614cb (webtiles) character file.

Game seed: 15325077152191208462

7 jagang the Stinger (level 1, 0/13 HPs)
             Began as a Demonspawn Venom Mage on May 25, 2023.
             Slain by a jackal (2 damage)
             ... on level 1 of the Dungeon.
             The game lasted 00:02:14 (297 turns).

jagang the Stinger (Demonspawn Venom Mage)           Turns: 297, Time: 00:02:14

Health: 0/13       AC:  3    Str:  8    XL:     1   Next: 91%
Magic:  0/3        EV: 12    Int: 16    God:
Gold:   3          SH:  0    Dex: 13    Spells: 3/4 levels left

rFire   . . .        (no weapon)
rCold   . . .        (no shield)
rNeg    . . .        a - +0 robe
rPois   .            (no helmet)
rElec   .            (no cloak)
rCorr   .            c - +0 pair of gloves
SInv    .            (no boots)
Will    .....        (no amulet)
Stlth   ++           (no ring)
HPRegen 0.22/turn    (no ring)
MPRegen 0.08/turn

%: no passive effects
@: no status effects
A: no striking features
a: no special abilities


You were on level 1 of the Dungeon.
You visited 1 branch of the dungeon, and saw 1 of its levels.

You collected 3 gold pieces.

Inventory:

Armour
 a - a +0 robe (worn)
 c - a +0 pair of gloves (worn)
Potions
 b - a potion of magic
 d - a potion of might {unknown}
 e - a potion of curing {unknown}


   Skills:
 + Level 1.9 Dodging
 + Level 1.9 Stealth
 * Level 2.1 Spellcasting
 - Level 1.0 Transmutations
 + Level 3.1 Poison Magic


You had 3 spell levels left.
You knew the following spells:

 Your Spells              Type           Power      Damage    Failure   Level
a - Sting                 Tmut/Pois      32%        1d4       9%          1

Your spell library contained the following spells:

 Spells                   Type           Power      Damage    Failure   Level
 Poisonous Vapours        Pois/Air       12%        N/A       16%         2
 Mephitic Cloud           Conj/Pois/Air  5%         N/A       38%         3
 Olgreb's Toxic Radiance  Pois           11%        N/A       50%         4


Dungeon Overview and Level Annotations

Branches:
Dungeon (1/15)

Altars:


Message History

The jackal closely misses you.
The jackal bites you but does no damage.
The jackal attacks as you move away!
The jackal bites you but does no damage.
Casting: Sting (safe; 9% risk of failure)
Confirm with . or Enter, or press ? or * to list all spells.
Aiming: Sting (safe; 9% risk of failure)
Press: ? - help, Shift-Dir - straight line, f/p - jackal
Aim: a jackal (60% to hit)
The sting hits the jackal but does no damage.
The jackal is poisoned.
The jackal attacks as you move away! The jackal misses you.
You kill the jackal!
You hit the jackal.
The jackal is moderately wounded.
The jackal bites you.
* * * LOW HITPOINT WARNING * * *
The jackal bites you but does no damage.
The jackal barely misses you.
The jackal bites you but does no damage.
You see here a rat skeleton.
The jackal attacks as you move away! The jackal misses you.
Casting: Sting (safe; 9% risk of failure)
Confirm with . or Enter, or press ? or * to list all spells.
Aiming: Sting (safe; 9% risk of failure)
Press: ? - help, Shift-Dir - straight line, f - jackal
Aim: a jackal (moderately wounded, 60% to hit)
You miscast Sting.
You are very lightly contaminated with residual magic.
Nothing appears to happen.
The jackal closely misses you. x2
The jackal attacks as you move away!
The jackal bites you but does no damage.
The hobgoblin shouts!
The jackal bites you. The jackal barely misses you.
Your magical contamination has completely faded away.
The jackal bites you.
* * * LOW HITPOINT WARNING * * *
The jackal attacks as you move away! The jackal bites you.
You die...

########## #.......<#
#.######.# ##.#...)#.#
#..#....#.# ##.(#).!.#.#
#...#gO.?#.#
##...######.# #######
#....h@.....# #.....#
########.##.....####
#.....##
#...#....########
#####.....#. #.....####
#.........#. ###...รท##
#........... #.+...[#
#######.....##)...
#.#....#
#.....#.....##....
#.#....#
#.....###'####....
#....#.########.....###.#
#....


You could see an ogre, a jackal and a hobgoblin.

Vanquished Creatures
  A goblin (D:1)
  A hobgoblin (D:1)
  2 jackals (D:1)
  A bat (D:1)
  2 rats (D:1)
7 creatures vanquished.

Notes
Turn   | Place    | Note
-------+----------+-------------------------------------------
     0 | D:1      | jagang the Demonspawn Venom Mage began the quest for the
                  | Orb.
     0 | D:1      | Reached XP level 1. HP: 13/13 MP: 3/3
    13 | D:1      | Noticed an ogre
   121 | D:1      | Reached skill level 1 in Transmutations
   297 | D:1      | Slain by a jackal

Illustrated notes

Levels and vault maps discovered:
D:1:      evilmike_arrival_come_back, layout_basic, kennysheep_nondescript

Skill      XL: |  1 |
---------------+----+-----
Transmutations | 1 |  1.0
Dodging        | |  1.9
Stealth        | |  1.9
Spellcasting   | |  2.1
Poison Magic   | |  3.1

Action                     || total
---------------------------++-------
  Melee: Unarmed           ||    10
   Cast: Sting             ||    16
 Armour: Robe              ||    16
  Dodge: Dodged            ||    31
